 Dungeon Crawl Stone Soup version 0.27-a0-1277-g3808f8b1c9 (webtiles) character file.

Game seed: 6783001805078451622

401 Glokmah the Sneak (level 7, -4/41 HPs)
             Began as a Kobold Brigand on June 12, 2021.
             Slain by Sigmund (9 damage)
             ... on level 4 of the Dungeon.
             The game lasted 00:05:56 (3418 turns).

Glokmah the Sneak (Kobold Brigand)                  Turns: 3418, Time: 00:05:57

Health: -4/41      AC:  7    Str: 11    XL:     7   Next: 11%
Magic:  7/7        EV: 15    Int: 12    God:
Gold:   106        SH:  0    Dex: 16    Spells: 6/6 levels left

rFire    . . .     SeeInvis .   a - +2 dagger
rCold    . . .     Faith    .   (shield restricted)
rNeg     . . .     Spirit   .   b - +0 robe
rPois    .         Reflect  .   (no helmet)
rElec    .         Harm     .   c - +1 cloak
rCorr    .         Rampage  .   j - +2 pair of gloves
Will     .....                  (no boots)
Stlth    +++.......             (no amulet)
HPRegen  0.13/turn              p - ring of wizardry
MPRegen  0.10/turn              (no ring)

@: confused
A: small, no large weapons, nightstalker 3
a: no special abilities


You were on level 4 of the Dungeon.
You visited 1 branch of the dungeon, and saw 4 of its levels.

You collected 106 gold pieces.

Inventory:

Hand Weapons
 a - a +2 dagger (weapon)
 h - the +7 war axe of Armageddon {holy, rF+}
   (You found it on level 4 of the Dungeon)

   It has been blessed by the Shining One to cause great damage to the undead
   and demons.
   It protects you from fire.
Missiles
 d - 11 poisoned darts
 e - a curare-tipped dart (quivered)
Armour
 b - a +0 robe (worn)
 c - a +1 cloak (worn)
 j - a +2 pair of gloves (worn)
Jewellery
 p - a ring of wizardry (left hand)
Wands
 l - a wand of flame (11)
Scrolls
 f - a scroll of amnesia
 i - 2 scrolls of teleportation
 k - a scroll of identify
Potions
 g - a potion of resistance
 m - a potion of heal wounds {unknown}
 n - a potion of brilliance {unknown}
 o - a potion of lignification {unknown}


   Skills:
 + Level 3.4 Fighting
 * Level 5.4 Short Blades
 + Level 3.4 Throwing
 + Level 3.2 Dodging
 * Level 7.4 Stealth


You had 6 spell levels left.
You didn't know any spells.
Your spell library was empty.

Dungeon Overview and Level Annotations

Branches:
Dungeon (4/15)
 Temple: D:4-7

Altars:
The Shining One

Annotations:
D:4 Sigmund


Innate Abilities, Weirdness & Mutations

You are small and have problems with some larger weapons.
You are completely attuned to the shadows.


Message History

Sigmund closely misses you.
Sigmund hits you from afar with a +0 scythe!
Sigmund gestures wildly while chanting.
Sigmund flickers and vanishes!
Deactivating autopickup; reactivate with Ctrl-A.
You're too confused to move!
You're too confused to move!
Something barely misses you.
Unknown command.
You feel less confused.
You hear some strange, mumbled words.
Something tries to affect you, but you resist.
Something hits you! Something hits you but does no damage. Something hits you.
Something hits you but does no damage.
There's nothing to close nearby.
That's the wrong kind of item! (Use * to select it.) Evoke which item? (* to show all) (? for menu, Esc to quit)
You don't have any such object.
Evoke which item? (* to show all) (? for menu, Esc to quit)
Aiming: Throw Flame
Press: ? - help, Shift-Dir - straight line The puff of flame hits something.
Something closely misses you.
Okay, then.
Throw: 2 darts (curare)
Press: ? - help, Q - select action, (/) - cycle Shift-Dir - straight line You throw a curare-tipped dart.
Something hits you.
* * * LOW HITPOINT WARNING * * *
You hear some strange, mumbled words.
You are confused.
You are too confused!
Okay, then.
You're too confused to move!
A magic dart appears from out of thin air!
The magic dart hits you.
* * * LOW HITPOINT WARNING * * *
Unknown command.
Something hits you!
You die...

.######.............#
....................#
................#####
..................>.....#
............##..........#
#.(.......####.........##
#..(.....# #........).##
#....(....####.{.........#
#.........##....@........##
#.........................####
....................##.......##
.................#####..##....#
.#..............##
##..#####..###
####............# ##..## ###..#
# ##..)..###..####..## ##.# ##
#....## ##...#..## #.# .#
##..## ###...## #.#


There were no monsters in sight!

Vanquished Creatures
  2 orc priests
  A centaur skeleton (D:4)
  Crazy Yiuf (D:4)
  Ijyb (D:3)
  An orc wizard (D:3)
  2 iguanas (D:4)
  2 hound skeletons (D:4)
  2 adders (D:3)
  4 gnolls (D:3)
  An adder skeleton (D:4)
  4 dart slugs
  7 orcs
  3 endoplasms
  2 giant cockroaches (D:2)
  13 goblins
  11 hobgoblins
  2 jackals (D:3)
  7 kobolds
  A quokka (D:3)
  5 ball pythons
  8 bats
  3 frilled lizards (D:1)
  4 rats
87 creatures vanquished.

Notes
Turn   | Place    | Note
-------+----------+-------------------------------------------
     0 | D:1      | Glokmah the Kobold Brigand began the quest for the Orb.
     0 | D:1      | Reached XP level 1. HP: 12/12 MP: 1/1
   170 | D:1      | Reached XP level 2. HP: 17/17 MP: 2/2
   556 | D:1      | Reached XP level 3. HP: 22/22 MP: 3/3
  1145 | D:2      | Found a faded altar of an unknown god.
  1187 | D:2      | You fall into a shaft and drop 1 floor!
  1241 | D:3      | Reached skill level 6 in Stealth
  1271 | D:3      | Reached XP level 4. HP: 27/27 MP: 4/4
  1317 | D:3      | Reached XP level 5. HP: 8/32 MP: 5/5
  1567 | D:3      | Found a glowing golden altar of the Shining One.
  1597 | D:3      | Noticed Ijyb
  1601 | D:3      | Killed Ijyb
  2138 | D:3      | Reached XP level 6. HP: 37/37 MP: 6/6
  2360 | D:3      | You fall into a shaft and drop 1 floor!
  2453 | D:4      | Reached skill level 7 in Stealth
  2561 | D:4      | Identified the +7 war axe of Armageddon {holy, rF+}
  2756 | D:4      | Reached skill level 5 in Short Blades
  2918 | D:4      | Found a runed translucent door.
  2921 | D:4      | Noticed Crazy Yiuf
  2929 | D:4      | Killed Crazy Yiuf
  3200 | D:4      | Reached XP level 7. HP: 41/41 MP: 7/7
  3383 | D:4      | Noticed Sigmund
  3418 | D:4      | Slain by Sigmund

Illustrated notes

Levels and vault maps discovered:
D:1:      amcnicky_arrival_choice, layout_loops_cross
D:2:      layout_rooms, shapermc_ecumenical_altar_venn, basic_altar,
          serial_co_window_serial, co_window_paths_b, co_window_corner_a,
          co_window_paths_a, co_window_of_opportunity_a,
          co_window_of_opportunity_a, co_window_paths_a, co_window_corner_ca,
          co_window_of_opportunity_b, co_window_corner_b, co_window_broadway_c,
          co_window_of_opportunity_c, co_window_unsneaky_path_a,
          co_window_broadway_a, co_window_paths_e, glass_columns_a,
          glass_columns_a, minmay_misc_feat_rugged, uniq_natasha
D:3:      layout_basic, lemuel_round_altar, chequers_serial_rivers_small_b,
          uniq_ijyb, uniq_robin
D:4:      layout_layer_cave, uniq_crazy_yiuf_cottage, uniq_sigmund

Skill      XL: |  1  2  3  4  5  6 |
---------------+-------------------+-----
Short Blades   | 3 4 5 |  5.4
Stealth        | 6 7 |  7.4
Dodging        | 2 3 |  3.2
Throwing       | 3 |  3.4
Fighting       | 3 |  3.4

Action                   |  1- 3 |  4- 6 |  7- 9 || total
-------------------------+-------+-------+-------++-------
Melee: Dagger            |    67 |   161 |    11 ||   239
Throw: Dart              |       |     5 |     5 ||    10
Evoke: Wand              |       |       |     1 ||     1
  Use: Scroll            |       |     4 |       ||     4
 Stab: Sleeping          |    17 |    16 |       ||    33
       Distracted        |       |     1 |       ||     1
Armor: Robe              |    11 |    40 |     7 ||    58
Dodge: Dodged            |    24 |    94 |     9 ||   127

Table legend: (Time is in decaauts)
 A = Elapsed time spent in this place.
 B = Non-inter-level travel time spent in this place.
 C = Inter-level travel time spent in this place.
 D = Time resting spent in this place.
 E = Time spent auto-exploring this place.
 F = Levels seen in this place.
 G = Mean time per level.
                   A        B        C        D        E       F      G
               +--------+--------+--------+--------+--------+-----+--------+
         Total |   3374 |   3331 |     43 |    304 |   2379 |   4 |  843.5 |
       Dungeon |   3374 |   3331 |     43 |    304 |   2379 |   4 |  843.5 |
               +--------+--------+--------+--------+--------+-----+--------+

Top non-repeatable levels by time:
     D:3: 1228 daAuts
     D:4: 967 daAuts
     D:1: 932 daAuts
     D:2: 245 daAuts
